 Dungeon Crawl Stone Soup version 0.23-a0-373-g305c090 (webtiles) character file.

19933 BingusPrime the Blocker (level 12, -15/100 HPs)
             Began as a Barachi Fighter on Oct 25, 2018.
             Was a Priest of Qazlal.
             Killed from afar by a merfolk aquamancer (31 damage)
             ... with a ball of steam
             ... on level 1 of the Shoals.
             The game lasted 01:05:20 (15433 turns).

BingusPrime the Blocker (Barachi Fighter)          Turns: 15433, Time: 01:05:20

Health: -15/100    AC: 15    Str: 19    XL:     12   Next: 74%
Magic:  12/12      EV:  8    Int:  9    God:    Qazlal [***...]
Gold:   516        SH:  0    Dex: 15    Spells: 11/11 levels left

rFire    . . .     SeeInvis +   T - +9 great mace of Tortfeasance {crush, +Rage}
rCold    + . .     Gourm    .   (shield currently unavailable)
rNeg     . . .     Faith    .   L - +0 plate armour {rF+}
rPois    .         Spirit   .   a - +0 helmet
rElec    .         Reflect  +   (no cloak)
rCorr    .         Harm     .   (no gloves)
MR       .....                  (no boots)
Stlth    ..........             l - +5 amulet of reflection
HPRegen  0.26/turn              J - ring of see invisible
MPRegen  0.13/turn              v - ring of ice

@: confused, lethally poisoned (-15 -> -56), mesmerised, glowing, slow
A: +LOS, swims, slowness 1, strong legs 1
a: Hop, Upheaval, Elemental Force, Renounce Religion, Evoke Berserk Rage


You were on level 1 of the Shoals.
You worshipped Qazlal.
Qazlal was most pleased with you.
You were not hungry.

You visited 4 branches of the dungeon, and saw 15 of its levels.
You also visited: Labyrinth.

You collected 804 gold pieces.
You spent 288 gold pieces at shops.

Inventory:

Hand Weapons
 i - a +2 short sword of protection
 o - a +2 mace of protection
 D - a +0 trident of protection
 M - a +3 trident of venom
 T - the +9 great mace of Tortfeasance (weapon) {crush, +Rage}
   (You found it in a labyrinth)

   It inflicts extra damage upon your enemies.
   It lets you go berserk.
Missiles
 n - 337 stones
 C - 4 throwing nets
 F - 5 tomahawks
 G - an exploding tomahawk
 Z - 14 javelins (quivered)
Armour
 a - a +0 helmet (worn)
 L - a +0 plate armour of fire resistance (worn)
Jewellery
 l - a +5 amulet of reflection (around neck)
 v - a ring of ice (right hand)
 J - a ring of see invisible (left hand)
 Q - an uncursed ring of protection from fire
 S - a +5 ring of dexterity
 V - an uncursed amulet of faith
Wands
 w - a wand of random effects (38)
 I - a wand of scattershot (5)
 K - a wand of clouds (5)
 O - a wand of enslavement (7)
 P - a wand of flame (44)
 W - a wand of iceblast (13)
 Y - a wand of polymorph (13)
Scrolls
 c - a scroll of torment {unknown}
 d - 3 scrolls of enchant armour
 h - 2 scrolls of fog
 k - 5 scrolls of teleportation
 p - a scroll of vulnerability {unknown}
 r - 7 scrolls of enchant weapon
 s - 2 scrolls of remove curse
 y - a scroll of brand weapon
 B - a scroll of silence
 E - a scroll of fear {unknown}
 N - a scroll of blinking {unknown}
 R - 2 scrolls of amnesia
Potions
 e - 3 potions of might
 g - 7 potions of curing
 j - 7 potions of flight
 m - 3 potions of brilliance
 q - 2 potions of berserk rage
 u - 3 potions of magic
 x - a potion of resistance
 z - a potion of invisibility
 A - 4 potions of heal wounds
 H - a potion of mutation {unknown}
 U - a potion of degeneration {unknown}
 X - 2 potions of haste {unknown}
Miscellaneous
 b - a phial of floods
 t - a phial of floods
Comestibles
 f - 22 rations


   Skills:
 * Level 11.5 Fighting
   Level 3.1 Long Blades
 - Level 10.1 Maces & Flails
 * Level 7.5 Polearms
 + Level 4.0 Throwing
 + Level 9.8 Armour
 + Level 4.0 Dodging
 + Level 0.5 Stealth
   Level 11.8 Shields
 + Level 0.5 Evocations


You had 11 spell levels left.
You didn't know any spells.
Your spell library contained the following spells:

 Spells                   Type           Power        Failure   Level  Hunger
 Animate Skeleton         Necr           N/A          100%        1    ##.....
 Apportation              Tloc           #.....       100%        1    ##.....
 Confusing Touch          Hex            #.....       100%        1    ##.....
 Freeze                   Ice            #...         100%        1    ##.....
 Sting                    Conj/Pois      #...         100%        1    ##.....
 Summon Small Mammal      Summ           #...         100%        1    ##.....
 Poisonous Vapours        Pois/Air       #.....       100%        2    ###....
 Throw Frost              Conj/Ice       #.....       100%        2    ###....
 Mephitic Cloud           Conj/Pois/Air  #.......     100%        3    ####...
 Ozocubu's Armour         Chrm/Ice       #.......     100%        3    ####...
 Portal Projectile        Hex/Tloc       #.....       100%        3    ####...
 Spider Form              Tmut/Pois      #.........   100%        3    ####...
 Olgreb's Toxic Radiance  Pois           #.......     100%        4    #####..
 Summon Ice Beast         Ice/Summ       #.......     100%        4    #####..
 Throw Icicle             Conj/Ice       #.......     100%        4    #####..
 Venom Bolt               Conj/Pois      #.........   100%        5    ######.
 Yara's Violent Unravell  Hex/Tmut       #.........   100%        5    ######.
 Controlled Blink         Tloc           N/A          100%        8    #######


Dungeon Overview and Level Annotations

Branches:
Dungeon (9/15)             Temple (1/1) D:6            Lair (4/6) D:9
 Shoals (1/4) Lair:4       Spider (0/4) Lair:4          Orc (0/2) D:9

Altars:
Ashenzari
Dithmenos
Fedhas
Hepliaklqana
Kikubaaqudgha
Qazlal
Sif Muna
Uskayaw
Wu Jian
Yredelemnul
The Shining One

Shops:
D:6 %   D:8 *([


Innate Abilities, Weirdness & Mutations

Shadows flee at your approach. (+LOS)
You can swim through water.
You cover ground slowly.
You can hop short distances.


Message History

The wind drake barely misses you.
The merfolk siren chants a haunting song.
You resist with almost no effort.
The merfolk siren chants its luring song.
The merfolk aquamancer casts a spell at you.
The shard of ice hits you! You partially resist.
* * * LOW HITPOINT WARNING * * *
The wind drake bites you.
* * * LOW HITPOINT WARNING * * *
You completely miss the sea snake.
The merfolk siren chants a haunting song.
The sea snake bites you.
* * * LOW HITPOINT WARNING * * *
You are lethally poisoned!
The sea snake poisons you!
The merfolk siren chants its luring song.
The wind drake bites you but does no damage.
The merfolk aquamancer gestures at you while chanting.
The ball of steam hits you!
You die...

.≈≈≈≈≈≈≈≈≈≈≈≈≈≈≈≈≈
≈≈≈≈≈≈≈≈≈≈≈≈≈≈≈≈≈
≈..≈≈(≈≈≈≈≈≈≈≈≈≈
#m≈≈≈≈≈≈≈≈≈≈≈≈.
#§≈≈m≈≈≈≈≈≈≈≈≈ ≈
#.§≈≈≈≈.......
≈.?###.§≈≈≈...>.#
≈≈(....≈§S<....(#
≈≈≈(..≈≈(@k.###.#
≈≈≈≈≈≈≈§≈.c.#
≈≈≈≈≈≈≈≈≈..c(m..
≈≈≈≈≈≈≈≈≈≈≈≈......
≈≈≈≈≈≈≈≈≈≈≈≈≈.≈...
≈≈≈≈≈≈≈≈≈≈≈≈≈≈≈...
≈≈≈≈≈≈≈≈≈≈≈≈≈≈≈≈≈≈
≈≈≈≈≈≈≈≈≈≈≈≈≈≈.###
≈≈≈≈≈≈≈≈≈≈≈≈≈..#


You could see a sea snake, a wind drake, 2 fauns and 2 merfolk sirens.

Vanquished Creatures
  A minotaur (Lab)
  A hydra (Lair:3)
  2 two-headed ogres
  A faun (Shoals:1)
  A merfolk siren (Lair:4)
  3 centaur zombies (D:8)
  A black mamba (Lair:3)
  Psyche (D:8)
  A centaur skeleton (D:8)
  A redback zombie (D:8)
  4 spiny frogs
  A rime drake (Lair:4)
  3 komodo dragons
  2 hellwings (D:8)
  A troll (D:9)
  A polar bear (Lair:3)
  A wind drake (Shoals:1)
  3 hippogriffs
  2 wyverns
  2 redbacks (Lab)
  5 basilisks
  13 yaks
  Grum (D:8)
  2 porcupines
  5 water moccasins
  5 orc warriors
  2 sky beasts
  An ice beast (D:5)
  A phantom (D:9)
  14 ogres
  13 wolves
  2 centaurs
  4 crocodiles
  3 big kobolds
  9 bullfrogs
  3 gnoll sergeants (D:9)
  2 scorpions
  3 killer bees (D:7)
  3 wights (D:6)
  2 crimson imps (D:5)
  2 howler monkeys (D:9)
  A quasit (D:9)
  A jelly (D:9)
  9 hounds
  9 orc priests
  A bullfrog skeleton (D:7)
  10 orc wizards
  4 worker ants
  2 iguanas
  A hound skeleton (D:4)
  15 adders
  9 gnolls
  A howler monkey skeleton (D:9)
  4 shadow imps (D:8)
  3 adder skeletons
  4 worms
  3 dart slugs (D:1)
  3 leopard geckos
  41 orcs
  3 ball pythons
  5 giant cockroaches
  17 goblins
  15 hobgoblins
  9 jackals
  14 kobolds
  2 quokkas (D:3)
  4 bats
  9 frilled lizards
  8 rats
  A bush (Lair:3)
336 creatures vanquished.

Vanquished Creatures (others)
  A fungus (Lair:2)
  2 withered plants (D:8)
3 creatures vanquished.

Grand Total: 339 creatures vanquished

Notes
Turn   | Place    | Note
-------+----------+-------------------------------------------
     0 | D:1      | BingusPrime the Barachi Fighter began the quest for the
                  | Orb.
     0 | D:1      | Reached XP level 1. HP: 18/18 MP: 1/1
    85 | D:1      | Reached XP level 2. HP: 24/25 MP: 2/2
   513 | D:1      | Reached XP level 3. HP: 30/30 MP: 3/3
  1220 | D:2      | Reached XP level 4. HP: 38/38 MP: 4/4
  1415 | D:2      | Reached skill level 1 in Maces & Flails
  1793 | D:3      | Reached skill level 5 in Fighting
  1794 | D:3      | Reached XP level 5. HP: 43/44 MP: 5/5
  1991 | D:3      | Reached skill level 1 in Dodging
  2024 | D:3      | Found a hazy altar of Hepliaklqana.
  2545 | D:4      | Noticed an ogre
  2863 | D:4      | Killed an ogre
  2863 | D:4      | Reached XP level 6. HP: 34/51 MP: 6/6
  3447 | D:4      | Found an ancient bone altar of Kikubaaqudgha.
  3504 | D:4      | HP: 1/52 [orc priest/divine providence (12)]
  3509 | D:4      | Reached XP level 7. HP: 34/57 MP: 7/7
  3751 | D:4      | Reached skill level 5 in Shields
  4127 | D:5      | Entered Level 5 of the Dungeon
  4509 | D:5      | Reached XP level 8. HP: 36/64 MP: 8/8
  4514 | D:5      | Reached skill level 5 in Armour
  4773 | D:5      | Reached skill level 5 in Maces & Flails
  4773 | D:5      | Reached skill level 1 in Throwing
  5157 | D:6      | Found a glowing golden altar of the Shining One.
  5321 | D:6      | Found Puuddaw's Food Emporium.
  5487 | D:6      | Found a shadowy altar of Dithmenos.
  5793 | D:6      | Found an ornate altar of the Wu Jian Council.
  6009 | D:6      | Found a shattered altar of Ashenzari.
  6051 | D:6      | Reached XP level 9. HP: 60/72 MP: 9/9
  6191 | D:6      | Found a staircase to the Ecumenical Temple.
  6198 | Temple   | Entered the Ecumenical Temple
  6217 | Temple   | Became a worshipper of Qazlal Stormbringer
  6783 | D:7      | Reached * piety under Qazlal
  7459 | D:8      | Noticed Psyche
  7542 | D:8      | Noticed a two-headed ogre
  7607 | D:8      | Killed Psyche
  7607 | D:8      | Reached ** piety under Qazlal
  7854 | D:8      | Noticed Grum
  7989 | D:8      | Killed Grum
  8026 | D:8      | Found a deep blue altar of Sif Muna.
  8093 | D:8      | Reached XP level 10. HP: 73/82 MP: 10/10
  8353 | D:8      | Killed a two-headed ogre
  8886 | D:8      | Found Guaveiw's Assorted Antiques.
  8889 | D:8      | Bought a glowing ivory wand for 128 gold pieces
  8889 | D:8      | Bought a potion of heal wounds for 160 gold pieces
  8935 | D:8      | Reached skill level 10 in Shields
  8998 | D:8      | Found Hinn's Antique Weapon Boutique.
  9142 | D:8      | Found Sonoleng's Antique Armour Shop.
  9347 | D:9      | Reached XP level 11. HP: 90/90 MP: 11/11
  9358 | D:9      | Reached *** piety under Qazlal
  9533 | D:9      | Noticed a two-headed ogre
  9555 | D:9      | Killed a two-headed ogre
  9555 | D:9      | Reached skill level 10 in Fighting
  9619 | D:9      | Found a staircase to the Orcish Mines.
  9630 | D:9      | Reached skill level 10 in Maces & Flails
  9882 | D:9      | Found a staircase to the Lair.
 10086 | D:9      | Reached **** piety under Qazlal
 10090 | D:9      | Reached skill level 1 in Polearms
 10324 | Lair:1   | Entered Level 1 of the Lair of Beasts
 11285 | Lair:2   | Identified the Compendium of the Dolphin
 11386 | Lair:2   | Reached skill level 5 in Polearms
 12151 | Lair:3   | Reached XP level 12. HP: 78/99 MP: 12/12
 12203 | Lair:3   | Found a labyrinth entrance.
 12213 | Lab      | Entered a labyrinth
 12465 | Lab      | Noticed a minotaur
 12470 | Lab      | Killed a minotaur
 12548 | Lab      | Got a brightly glowing great mace
 12550 | Lab      | Identified the +9 great mace of Tortfeasance {crush, +Rage}
                  | (You found it in a labyrinth)
 13162 | Lair:3   | Noticed a seven-headed hydra
 13169 | Lair:3   | Killed a seven-headed hydra
 13990 | Lair:4   | Found a hole to the Spider Nest.
 15117 | Lair:4   | Found a staircase to the Shoals.
 15420 | Shoals:1 | Entered Level 1 of the Shoals
 15429 | Shoals:1 | Noticed a merfolk aquamancer
 15433 | Shoals:1 | Killed from afar by a merfolk aquamancer

Vault maps used:
D:1:      psy_arrival_statuary, minmay_distorted
D:2:      cheibrodos_gnoll_hut
D:3:      lemuel_crystal_altar
D:4:      old_standard_altar
D:5:      first_ration
D:6:      nicolae_dithmenos_shadow_blocks, lemuel_doored_altar,
          cheibrodos_ashenzari_chains, kennysheep_little_box, temple_green,
          serial_shops, shop
D:7:      corexii_shantytown, grunt_ogre_cave
D:8:      cheibrodos_grave_circle, lemuel_round_altar, serial_shops,
          shop_fountains, kennysheep_mini, shop, uniq_psyche, uniq_grum
D:9:      lair_entry_dummy, kennysheep_orc_monster_closet_entryway
Temple:   regret_index_temple_waves
Lair:2:   beast_lair_carwin_4
Lair:3:   lab_entry_generic, st_stairs_9
Lair:4:   minmay_shoals_entry_lonely_mermaid, spider_nest_entry_webs,
          kennysheep_basilisk_garden
Shoals:1: nicolae_shoals_aquamancer_cove
Lab:      labyrinth_watery, lab_fountain, nicolae_lab_big_swirl

Skill      XL: |  1  2  3  4  5  6  7  8  9 10 11 12 |
---------------+-------------------------------------+-----
Fighting       | 4 5 6 7 8 9 10 11 | 11.5
Armour         | 4 5 6 7 8 9 |  9.8
Long Blades    | 3 |  3.1
Maces & Flails | 1 3 4 6 7 9 10 | 10.1
Dodging        | 1 2 3 4 |  4.0
Shields        | 4 5 6 8 10 11 | 11.8
Throwing       | 1 2 4 |  4.0
Polearms       | 5 7 |  7.5
Stealth        | |  0.5
Evocations     | |  0.5

Action                   |  1- 3 |  4- 6 |  7- 9 | 10-12 || total
-------------------------+-------+-------+-------+-------++-------
Melee: Long sword        |    98 |       |       |       ||    98
       Mace              |    15 |   229 |   555 |   336 ||  1135
       Trident           |       |       |       |   174 ||   174
       Great mace        |       |       |       |    77 ||    77
Throw: Stone             |     5 |    34 |    13 |    55 ||   107
       Tomahawk          |       |       |    15 |     9 ||    24
       Javelin           |       |       |       |    44 ||    44
 Abil: Hop               |       |     1 |     2 |     1 ||     4
Evoke: Wand              |       |       |       |     7 ||     7
  Use: Scroll            |     2 |     1 |     9 |    20 ||    32
       Potion            |       |     7 |     1 |       ||     8
  Eat: Chunk             |     1 |     5 |    14 |    15 ||    35
       Ration            |       |     1 |     1 |     4 ||     6
Armor: Scale mail        |    61 |    79 |   129 |       ||   269
       Plate armour      |       |       |       |   232 ||   232
Dodge: Dodged            |    34 |    43 |   125 |    90 ||   292
       Deflected         |       |       |       |     1 ||     1
Block: Shield            |    54 |   171 |   452 |   538 ||  1215
       Reflection        |       |     5 |    13 |    14 ||    32
       Other             |       |       |       |    30 ||    30
       Rpst.: Long sword |    11 |       |       |       ||    11

Table legend:
 A = Non-vault XP
 B = Vault XP
 C = Vault XP percentage of total XP
 D = Non-vault monster count
 E = Vault monster count
 F = Vault count percentage of total count
                 A         B        C        D         E       F
            +---------+---------+-------+---------+---------+-------
      Total |   19359 |    9117 |  32.0 |     252 |      83 |  24.8
            +---------+---------+-------+---------+---------+-------
        D:1 |      40 |       1 |   2.4 |      21 |       1 |   4.5
        D:2 |      88 |      18 |  17.0 |      25 |       3 |  10.7
        D:3 |     150 |       0 |   0.0 |      26 |       0 |   0.0
        D:4 |     601 |       0 |   0.0 |      26 |       0 |   0.0
        D:5 |     643 |       0 |   0.0 |      13 |       0 |   0.0
        D:6 |     845 |       0 |   0.0 |      13 |       0 |   0.0
        D:7 |     902 |     336 |  27.1 |      26 |      34 |  56.7
        D:8 |    1506 |    3685 |  71.0 |      22 |      14 |  38.9
        D:9 |    2377 |    1916 |  44.6 |      26 |      20 |  43.5
     Lair:1 |    2639 |       0 |   0.0 |      15 |       0 |   0.0
     Lair:2 |    2104 |     279 |  11.7 |      13 |       3 |  18.8
     Lair:3 |    4307 |     157 |   3.5 |      16 |       1 |   5.9
     Lair:4 |    2309 |    1105 |  32.4 |       8 |       4 |  33.3
   Shoals:1 |     848 |       0 |   0.0 |       2 |       0 |   0.0
        Lab |       0 |    1620 | 100.0 |       0 |       3 | 100.0
            +---------+---------+-------+---------+---------+-------
